 Dungeon Crawl Stone Soup version 0.18-a0-1285-g60d00e1 (webtiles) character file.

697 M4edhros the Sneak (level 7, -12/43 HPs)
             Began as an Octopode Artificer on Feb 8, 2016.
             Mangled by Prince Ribbit (16 damage)
             ... on level 5 of the Dungeon.
             The game lasted 00:07:16 (3484 turns).

M4edhros the Sneak (Octopode Artificer)             Turns: 3484, Time: 00:07:17

Health: -12/43     AC:  2    Str: 10      XL:     7   Next: 65%
Magic:  10/10      EV: 15    Int: 16      God:
Gold:   424        SH:  0    Dex: 10 (13) Spells: 0 memorised, 6 levels left

rFire  . . .     SeeInvis .     a - +0 short sword
rCold  . . .     Gourm    .     (no shield)
rNeg   . . .     Faith    .     (helmet restricted)
rPois  .         Spirit   .     (no amulet)
rElec  .         Dismiss  .     (no ring)
rCorr  .         Reflect  .     (no ring)
SustAt .         Harm     .     (no ring)
MR     .....                    (no ring)
Stlth  +++++.....               (no ring)
                                (no ring)
                                (no ring)
                                (no ring)

@: not resistant to hostile enchantments, quite stealthy
A: almost no armour, amphibious, 8 rings, constrict 8, repulsion field 1, molten
scales 1, camouflage 1, wild magic 1, gelatinous body 1
a: no special abilities


You were on level 5 of the Dungeon.
You were not hungry.

You visited 1 branch of the dungeon, and saw 5 of its levels.
You also visited: Ossuary.

You collected 424 gold pieces.

Inventory:

Hand Weapons
 a - a +0 short sword (weapon)
 r - a +0 hunting sling of velocity
Missiles
 i - 11 javelins (quivered)
 t - 40 stones
Wands
 b - a wand of flame (8/48)
 c - a wand of enslavement (7/24)
 d - a wand of random effects (9/48)
 B - a wand of flame (15/48)
Scrolls
 e - a scroll of teleportation {unknown}
 g - 5 scrolls of identify {unknown}
 h - 2 scrolls of fog {unknown}
 k - a scroll of random uselessness {unknown}
 n - 2 scrolls of amnesia {unknown}
 p - a scroll of magic mapping {unknown}
 q - 2 scrolls of remove curse {unknown}
 y - 2 scrolls of enchant armour {unknown}
Potions
 m - a potion of invisibility {unknown}
 o - 4 potions of lignification {unknown}
 u - 2 potions of cancellation {unknown}
 v - 3 potions of heal wounds {unknown}
 w - 3 potions of agility {unknown}
 x - a potion of magic {unknown}
 z - a potion of might
 A - a potion of mutation
Comestibles
 f - a bread ration
 j - 4 meat rations
 l - a beef jerky
 s - a chunk of flesh


   Skills:
 - Level 1.0 Fighting
 - Level 1.0 Short Blades
 * Level 5.3 Dodging
 * Level 7.7 Stealth
 + Level 5.0 Evocations


You had 6 spell levels left.
You didn't know any spells.

Dungeon Overview and Level Annotations

Branches:
Dungeon (5/15)
 Temple: D:4-7

Altars:
Sif Muna

Annotations:
D:5 Prince Ribbit


Innate Abilities, Weirdness & Mutations

You cannot wear most types of armour.
You are amphibious.
You can wear up to eight rings at the same time.
You can use your tentacles to constrict eight enemies at once.
Your skin changes colour to match your surroundings (Stealth).
Your rubbery body absorbs attacks (AC +1).
You are surrounded by a mild repulsion field (EV +2).
You are partially covered in molten scales (AC +1).
Your spells are a little harder to cast, but a little more powerful.


Message History

Zapping:
d - a wand of random effects (10/48)
Press: ? - help, Shift-Dir - straight line, f - orc
Aim: an orc, wielding a trident Prince Ribbit flickers and vanishes!
Deactivating autopickup; reactivate with Ctrl-A.
This wand has 9 charges left.
Something hits you! The orc hits you with a trident.
Something completely misses you.
Evoke which item? (* to show all) (? for menu, Esc to quit)
Zapping:
c - a wand of enslavement (9/24)
Press: ? - help, Shift-Dir - straight line, f - orc
Aim: an orc, wielding a trident (chance to defeat MR: 86%) Nothing appears to happen.
This wand has 8 charges left.
Something hits you!!
* * * LOW HITPOINT WARNING * * *
The orc barely misses you.
Evoke which item? (* to show all) (? for menu, Esc to quit)
Zapping:
c - a wand of enslavement (8/24)
Press: ? - help, Shift-Dir - straight line, f - orc
Aim: an orc, wielding a trident (chance to defeat MR: 86%) Nothing appears to happen.
This wand has 7 charges left.
Something hits you!
You die...

...####...##.####. ##[#.##
...# ##.## # #.# ##.###.###
...# #.# ###.# #.........
##.# #.# ...# #......... ##.#
#[# ####.######.....#### ...#
#.#####..............##
########..)[...#..######..###
.....(.)...[......# #..#
###############.@.# #..# #
#.{o######..# # #...........#
# ##..######.## #
#############..######.#
####.............>.......#
.....############$######
###### ##


You could see an orc.

Vanquished Creatures
  Sigmund (D:5)
  An ogre (D:5)
  A crimson imp (D:5)
  A quasit (D:5)
  A hound (D:5)
  An orc priest (D:3)
  A worker ant (D:4)
  A big kobold zombie (Ossuary)
  8 mummies (Ossuary)
  6 adders
  An adder skeleton (D:4)
  6 orcs
  2 bats (D:2)
  A giant cockroach (D:4)
  3 gnoll zombies (Ossuary)
  7 hobgoblins
  2 jackals (D:5)
  A kobold (D:2)
  3 giant newts (D:2)
  A goblin (D:2)
  2 hobgoblin zombies (Ossuary)
  2 kobold zombies (Ossuary)
53 creatures vanquished.

Vanquished Creatures (collateral kills)
  An ogre (D:5)
  2 orcs
  A kobold (D:3)
4 creatures vanquished.

Vanquished Creatures (others)
  Duvessa (D:5)
  Dowan (D:5)
  A worker ant (D:5)
  A jackal (D:5)
4 creatures vanquished.

Grand Total: 61 creatures vanquished

Notes
Turn   | Place    | Note
--------------------------------------------------------------
     0 | D:1      | M4edhros the Octopode Artificer began the quest for the Orb.
     0 | D:1      | Reached XP level 1. HP: 13/13 MP: 3/3
   566 | D:2      | Reached XP level 2. HP: 13/18 MP: 4/4
   669 | D:2      | Found a deep blue altar of Sif Muna.
  1000 | D:2      | Reached XP level 3. HP: 12/23 MP: 5/5
  1607 | D:3      | Reached skill level 4 in Stealth
  1607 | D:3      | Reached XP level 4. HP: 28/28 MP: 6/6
  1718 | D:4      | Reached XP level 5. HP: 12/33 MP: 8/8
  1995 | D:4      | You fall through a shaft!
  1995 | D:5      | Entered Level 5 of the Dungeon
  2014 | D:5      | Reached skill level 5 in Stealth
  2015 | D:5      | Noticed Duvessa
  2015 | D:5      | Noticed Dowan
  2016 | D:5      | Noticed an ogre
  2021 | D:5      | Noticed Prince Ribbit
  2027 | D:5      | Noticed an ogre
  2028 | D:5      | Gained mutation: You are partially covered in molten scales (AC +1). [potion of mutation]
  2028 | D:5      | Gained mutation: You are surrounded by a mild repulsion field (EV +2). [potion of mutation]
  2028 | D:5      | Gained mutation: Your spells are a little harder to cast, but a little more powerful. [potion of mutation]
  2030 | D:5      | Killed an ogre
  2040 | D:5      | Your ally died
  2042 | D:5      | Your ally died
  2347 | D:4      | Reached XP level 6. HP: 38/38 MP: 9/9
  2354 | D:4      | You fall through a shaft!
  2405 | D:5      | Found a sand-covered staircase.
  2519 | Ossuary  | Entered an ossuary
  2601 | Ossuary  | Reached skill level 6 in Stealth
  3275 | D:5      | Killed an ogre
  3275 | D:5      | Reached skill level 7 in Stealth
  3275 | D:5      | Reached XP level 7. HP: 43/43 MP: 10/10
  3400 | D:5      | Noticed Sigmund
  3410 | D:5      | Killed Sigmund
  3410 | D:5      | Reached skill level 5 in Dodging
  3410 | D:5      | Reached skill level 5 in Evocations
  3484 | D:5      | Mangled by Prince Ribbit

Vault maps used:
D:1:      elethiomel_arrival_shortcut, minivault_27
D:2:      grunt_temple_overflow_diamond, nicolae_overflow_hidden_temple,
          uniq_iyjb
D:3:      nicolae_ru_path_of_blood, nicolae_overflow_crystal_walls
D:4:      first_bread, uniq_pikel, uniq_grinder
D:5:      nicolae_ossuary_entry_ruins, uniq_duvessa, uniq_sigmund,
          uniq_prince_ribbit1
Ossuary:  ossuary_tomb_3

Action                   |  1- 3 |  4- 6 |  7- 9 || total
-------------------------+-------+-------+-------++-------
Melee: Short sword       |    43 |    99 |    15 ||   157
Evoke: Wand              |     2 |    13 |     6 ||    21
  Use: Potion            |       |     2 |       ||     2
 Stab: Sleeping          |     8 |     8 |     1 ||    17
       Paralysed         |     2 |       |       ||     2
  Eat: Chunk             |     2 |     3 |     2 ||     7
       Pizza             |       |       |     1 ||     1
